Map: Golden Wall LE

Players

TomTG

  • Race: Zerg Zerg
  • League: Diamond
  • Spawn Location: 5:00

RyuKey - Winner!

  • Race: Terran Terran
  • League: Diamond
  • Spawn Location: 7:00

VOD

Have the link to the VOD?

Description

Time

  • Played on: June 21, 2020, 3:36 p.m.
  • Length: 6:00
Show
View Real Time Build Order
Export as new Build Order

TomTG Zerg 

Build Orders: Hatch First 

Get SALT Encoding   

  12  0:01  Drone  
  13  0:14  Overlord  
  13  0:20  Drone  
  14  0:34  Drone x2  
  16  0:50  Hatchery  
  16  0:53  Drone  
  16  0:56  Drone  
  17  1:00  Drone  
  18  1:12  Extractor  
  18  1:16  Spawning Pool  
  16  1:19  Drone  
  16  1:22  Drone  
  18  1:30  Drone  
  19  1:41  Drone  
  20  1:52  Overlord  
  20  2:07  Queen x2  
  20  2:08  Zergling x4  
  20  2:27  Zergling x8  
  23  2:37  Metabolic Boost  
  23  2:41  Zergling x2  
  24  2:49  Zergling x4  
  24  3:00  Zergling x6  
  23  3:10  Zergling x4  
  23  3:24  Roach Warren  
  22  3:28  Zergling x4  
  24  3:38  Queen  
  27  3:44  Spine Crawler  
  27  3:47  Zergling x4  
  24  3:51  Zergling x2  
  24  3:54  Zergling x2  
  26  4:02  Zergling x4  
  23  4:10  Overlord  
  22  4:23  Baneling Nest  
  20  4:24  Drone  
  15  4:34  Drone  
  7  5:04  Drone  
Show
View Real Time Build Order
Export as new Build Order

RyuKey Terran - Winner!

Build Orders:  

Get SALT Encoding   

  12  0:00  SCV  
  13  0:16  Supply Depot  
  13  0:38  Barracks  
  13  0:46  Barracks  
  13  1:01  Barracks  
  13  1:06  SCV  
  14  1:25  Marine  
  15  1:33  Marine  
  16  1:43  Marine  
  17  1:47  Bunker  
  17  1:50  Marine  
  17  1:51  Marine  
  19  1:59  Supply Depot  
  19  2:01  Marine  
  20  2:08  Marine  
  21  2:22  Bunker  
  20  2:23  Marine x2  
  22  2:34  Marine  
  24  2:41  Marine x2  
  25  2:52  Marine  
  25  2:59  Marine x2  
  25  3:10  Marine  
  25  3:17  Marine x2  
  25  3:24  Orbital Command  
  25  3:28  Marine  
  26  3:35  Marine  
  26  3:36  Marine  
  28  3:46  Marine  
  29  3:53  Marine x2  
  30  4:03  Marine  
  31  4:22  Supply Depot  
  31  4:32  Marine  
  31  4:33  Marine x2  
  26  4:40  SCV  
  26  4:43  Refinery  
  23  4:50  Marine  
  23  4:51  Marine x2  
  23  4:52  SCV  
  27  4:54  Refinery  
  27  5:04  SCV  
  28  5:07  Marine  
  28  5:08  Marine  
  28  5:09  Marine  
  31  5:16  SCV  
  32  5:25  Marine  
  32  5:26  Marine  
  34  5:28  SCV  
  34  5:29  Supply Depot  
  34  5:33  Marine  
  36  5:41  SCV  
Tags
 
Add a new tag
Caveats
  • Supply blocks, unpowered buildings, or Contaminate may cause inaccurate times.
  • Supply counts are checked every 10 seconds.